 Dungeon Crawl Stone Soup version 0.24-a0-181-gd121a6d (webtiles) character file.

Game seed: 10644187696308952216

174 Ijustatesigmund the Conjurer (level 5, -1/34 HPs)
             Began as an Octopode Wizard on Mar 14, 2019.
             Killed from afar by Natasha (12 damage)
             ... with a magic dart
             ... on level 3 of the Dungeon.
             The game lasted 00:09:09 (3486 turns).

Ijustatesigmund the Conjurer (Octopode Wizard)      Turns: 3486, Time: 00:09:10

Health: -1/34      AC:  1    Str:  7    XL:     5   Next: 54%
Magic:  5/9        EV: 13    Int: 20    God:
Gold:   144        SH:  0    Dex: 11    Spells: 4/10 levels left

rFire    . . .     SeeInvis .   e - +2 hand axe (flame)
rCold    . . .     Gourm    .   (no shield)
rNeg     . . .     Faith    .   a - +0 hat
rPois    .         Spirit   .   (no amulet)
rElec    .         Reflect  .   (no ring)
rCorr    .         Harm     .   (no ring)
MR       .....                  (no ring)
Stlth    +++.......             (no ring)
HPRegen  0.11/turn              (no ring)
MPRegen  0.11/turn              (no ring)
                                (no ring)
                                (no ring)

@: flying, very slightly contaminated
A: almost no armour, stealthy swim, amphibious, 8 rings, constrict 8, camouflage
1, gelatinous body 1
a: no special abilities


You were on level 3 of the Dungeon.
You were not hungry.

You visited 1 branch of the dungeon, and saw 3 of its levels.

You collected 144 gold pieces.

Inventory:

Hand Weapons
 e - a +2 hand axe of flaming (weapon)
Armour
 a - a +0 hat (worn)
Wands
 l - a wand of flame (9)
Scrolls
 g - a scroll of remove curse
Potions
 b - a potion of might
 d - a potion of haste
 h - a potion of degeneration {unknown}
 i - a potion of ambrosia
 j - a potion of heal wounds {unknown}
Comestibles
 c - 3 rations


   Skills:
 - Level 1.8 Fighting
 + Level 1.9 Axes
 - Level 2.0 Dodging
 - Level 2.6 Stealth
 - Level 3.0 Spellcasting
 + Level 3.1 Conjurations
   Level 1.0 Summonings
 + Level 2.8 Translocations


You had 4 spell levels left.
You knew the following spells:

 Your Spells              Type           Power        Failure   Level  Hunger
a - Magic Dart            Conj           ###.         4%          1    None
b - Blink                 Tloc           N/A          7%          2    ##.....
c - Conjure Flame         Conj/Fire      #.......     22%         3    ###....

Your spell library contained the following spells:

 Spells                   Type           Power        Failure   Level  Hunger
 Call Imp                 Summ           #.......     14%         2    ##.....
 Slow                     Hex            #.......     22%         2    ##.....
 Mephitic Cloud           Conj/Pois/Air  #.......     28%         3    ###....


Dungeon Overview and Level Annotations

Branches:
Dungeon (3/15)

Altars:
Gozag
Wu Jian

Annotations:
D:3 Natasha


Innate Abilities, Weirdness & Mutations

You cannot wear most types of armour.
You are very stealthy in the water. (Stealth+)
You are amphibious.
You can wear up to eight rings at the same time.
You can use your tentacles to constrict eight enemies at once.
Your skin changes colour to match your surroundings (Stealth+).
Your rubbery body absorbs attacks. (AC +1, EV +1)


Message History

Natasha is lightly wounded.
Natasha mumbles some strange words.
Casting: Magic Dart (safe; 4% risk of failure)
Confirm with . or Enter, or press ? or * to list all spells.
Aiming: Magic Dart (safe; 4% risk of failure)
Press: ? - help, Shift-Dir - straight line, f/p - Natasha
Aim: Natasha (lightly wounded)
You miscast Magic Dart.
You are very lightly contaminated with residual magic.
You are momentarily dazzled by a flash of light!
Natasha casts a spell at you. The magic dart hits you!
You are too injured to fight recklessly!
You are too injured to fight recklessly!
It was a potion of flight.
You feel very buoyant.
You fly up into the air.
Natasha stares at you and mumbles some strange words.
The magic dart hits you!
You die...

..#.........####
#.##...###....#
......###..#.##
##..##....†.#..# ##
#...###........# ##..
###............###
.....#......####..#.#
.........##.###.÷.#...
.......@..#.##..)######
##........#.#.......#
.....#.##...........#
##.. #. ##..........#
#. #. ##.#...._..# # #h
#.###.#..... 5. ...
..##...#. .# .......#
.... ..... .. ..


You could see Natasha and a white imp.

Vanquished Creatures
  A bullfrog (D:3)
  Terence (D:3)
  2 adders
  3 worms (D:2)
  A dart slug (D:1)
  4 orcs (D:2)
  3 giant cockroaches
  6 hobgoblins
  8 jackals
  4 kobolds (D:2)
  2 ball pythons
  4 bats
  3 frilled lizards
  11 rats
53 creatures vanquished.

Notes
Turn   | Place    | Note
-------+----------+-------------------------------------------
     0 | D:1      | Ijustatesigmund the Octopode Wizard began the quest for the
                  | Orb.
     0 | D:1      | Reached XP level 1. HP: 11/11 MP: 4/4
   275 | D:1      | Reached skill level 1 in Fighting
   275 | D:1      | Reached XP level 2. HP: 4/18 MP: 0/6
   608 | D:1      | Learned a level 2 spell: Blink
  1593 | D:3      | Reached XP level 3. HP: 23/23 MP: 4/7
  1598 | D:3      | Learned a level 3 spell: Conjure Flame
  2774 | D:2      | Found an opulent altar of Gozag.
  2872 | D:2      | Reached XP level 4. HP: 29/29 MP: 8/8
  3179 | D:3      | Reached skill level 1 in Axes
  3344 | D:3      | Found an ornate altar of the Wu Jian Council.
  3345 | D:3      | Noticed a bullfrog
  3353 | D:3      | Killed a bullfrog
  3353 | D:3      | Reached XP level 5. HP: 30/34 MP: 0/9
  3392 | D:3      | Noticed Terence
  3401 | D:3      | Killed Terence
  3481 | D:3      | Noticed Natasha
  3486 | D:3      | Killed from afar by Natasha

Levels and vault maps discovered:
D:1:      psy_arrival_whirlpool, layout_loops_ring, minmay_domino_2
D:2:      layout_loops_ring, first_ration, glass_columns_a,
          nicolae_gozag_cash_rules_everything_around_me
D:3:      layout_rooms, overflow_temple_1_default, trog_hazing_becter,
          uniq_natasha, uniq_terence

Skill      XL: |  1  2  3  4  5 |
---------------+----------------+-----
Fighting       | 1 |  1.8
Conjurations   | 2 3 |  3.1
Translocations | 2 |  2.8
Axes           | 1 |  1.9
Dodging        | |  2.0
Stealth        | |  2.6
Spellcasting   | |  3.0
Summonings     | |  1.0

Action                   |  1- 3 |  4- 6 || total
-------------------------+-------+-------++-------
Melee: Whip              |    46 |       ||    46
       Constrict         |    13 |     4 ||    17
       Tentacles         |     8 |     3 ||    11
       Hand axe          |     9 |    13 ||    22
 Cast: Magic Dart        |    74 |    18 ||    92
  Use: Scroll            |     9 |       ||     9
       Potion            |     3 |     1 ||     4
 Stab: Sleeping          |     2 |       ||     2
  Eat: Chunk             |     6 |     2 ||     8
Armor: Skin              |     2 |     3 ||     5
Dodge: Dodged            |    42 |    18 ||    60

Table legend:
 A = Non-vault XP
 B = Vault XP
 C = Vault XP percentage of total XP
 D = Non-vault monster count
 E = Vault monster count
 F = Vault count percentage of total count
                 A         B        C        D         E       F
            +---------+---------+-------+---------+---------+-------
      Total |     208 |      41 |  16.5 |      50 |       3 |   5.7
            +---------+---------+-------+---------+---------+-------
        D:1 |      15 |       5 |  25.0 |       9 |       2 |  18.2
        D:2 |      82 |       0 |   0.0 |      36 |       0 |   0.0
        D:3 |     111 |      36 |  24.5 |       5 |       1 |  16.7
            +---------+---------+-------+---------+---------+-------
